 Dungeon Crawl Stone Soup version 0.19.5 (webtiles) character file.

48871 JeffiDaFish the Blocker (level 14, -10/92 HPs)
             Began as a Gargoyle Fighter on Dec 7, 2017.
             Was the Champion of Okawaru.
             Mangled by an orc knight
             ... wielding a +0 long sword
              (13 damage)
             ... while paralysed by an orc sorcerer
             ... on level 2 of the Orcish Mines.
             The game lasted 00:37:00 (16931 turns).

JeffiDaFish the Blocker (Gargoyle Fighter)         Turns: 16931, Time: 00:37:00

Health: -10/92     AC: 33    Str: 22    XL:     14   Next: 48%
Magic:  14/14      EV:  2    Int: 10    God:    Okawaru [******]
Gold:   1733       SH:  0    Dex: 13    Spells: 0 memorised, 13 levels left

rFire  . . .     SeeInvis .     z - +2 demon whip of the Fool {vamp, rC+}
rCold  + . .     Gourm    .     k - +4 storm dragon scales
rNeg   + . .     Faith    .     D - +2 shield {reflect}
rPois  ∞         Spirit   .     E - +2 hat {MR+}
rElec  +         Reflect  +     n - +0 cloak
rCorr  .         Harm     .     y - +0 pair of gloves
MR     ++...                    (no boots)
Stlth  ..........               m - amulet of regeneration
                                (no ring)
                                (no ring)

@: paralysed, studying Dodging
A: big wings, negative energy resistance 1, screaming 1, electricity resistance,
strong 1, unbreathing, petrification resistance, rot immunity, AC +9
a: Fly, Heroism, Finesse, Renounce Religion


You were on level 2 of the Orcish Mines.
You worshipped Okawaru.
Okawaru was exalted by your worship.
You were not hungry.

You visited 4 branches of the dungeon, and saw 19 of its levels.
You also visited: Ossuary.

You collected 1791 gold pieces.
You spent 58 gold pieces at shops.

Inventory:

Hand Weapons
 c - the +8 whip "Snakebite" {curare, rPois}
   (You found it on level 3 of the Lair of Beasts)

   It poisons the flesh of those it strikes.
   It protects you from poison.
 z - the +2 demon whip of the Fool (weapon) {vamp, rC+}
   (You acquired it on level 8 of the Dungeon)

   It inflicts no extra harm, but heals its wielder when it wounds a living foe.
   It protects you from cold.
Armour
 k - +4 storm dragon scales (worn)
 n - a +0 cloak (worn)
 y - a +0 pair of gloves (worn)
 D - a +2 shield of reflection (worn)
 E - a +2 hat of magic resistance (worn)
Jewellery
 m - an amulet of regeneration (around neck)
Scrolls
 a - 4 scrolls of blinking
 e - 12 scrolls of identify
 j - 7 scrolls of teleportation
 o - 8 scrolls of remove curse
 v - 4 scrolls of amnesia
 C - a scroll of magic mapping
 F - a scroll of fog
 G - a scroll of enchant weapon
Potions
 d - 2 potions of might
 g - a potion of resistance
 l - 8 potions of curing
 q - 3 potions of ambrosia
 r - 5 potions of heal wounds
 w - a potion of berserk rage
 x - 2 potions of flight
 A - a potion of magic
 B - 2 potions of brilliance
Books
 b - a manual of Dodging
 u - a Young Poisoner's Handbook

   Spells                             Type                      Level
   a - Sting                          Conjuration/Poison           1
   b - Mephitic Cloud                 Conjuration/Poison/Air       3
   c - Olgreb's Toxic Radiance        Poison                       4
   d - Alistair's Intoxication        Transmutation/Poison         5
   e - Venom Bolt                     Conjuration/Poison           5
Comestibles
 f - 11 bread rations
 h - 10 beef jerkies
 i - 6 meat rations
 p - 16 chunks of flesh
 s - 4 fruits
 t - 2 slices of pizza


   Skills:
 + Level 12.4 Fighting
 + Level 13.9 Maces & Flails
 + Level 10.2 Armour
 + Level 5.4 Dodging
 - Level 1.0 Stealth
 + Level 14.7 Shields


You had 13 spell levels left.
You didn't know any spells.

Dungeon Overview and Level Annotations

Branches:
Dungeon (10/15)            Temple (1/1) D:6            Lair (6/6) D:10
  Swamp (0/4) Lair:4       Spider (0/4) Lair:3        Slime (0/5) Lair:6
    Orc (2/2) D:9             Elf (0/3) Orc:2

Altars:
Cheibriados
Nemelex Xobeh
Okawaru
Qazlal
Sif Muna
Zin
Beogh
Jiyva

Shops:
D:7 *   D:9 :   Orc:2 =


Innate Abilities, Weirdness & Mutations

You are resistant to torment.
Your stone body is resilient. (AC +9)
You are immune to poison.
Your large and strong wings let you fly indefinitely.
You resist negative energy. (rN+)
You are resistant to electric shocks. (rElec)
You can survive without breathing.
You are immune to petrification.
You are immune to rotting.
You occasionally shout uncontrollably at your foes.
Your muscles are strong. (Str +2)


Message History

You hit the orc sorcerer.
You feel better.
The orc sorcerer is heavily wounded.
You block the orc knight's attack.
Unknown command.
You hit the orc sorcerer.
You feel better.
The orc sorcerer is heavily wounded.
The red devil hits you from afar with a demon trident of pain.
The orc sorcerer casts a spell at you.
You suddenly lose the ability to move!
An orc comes into view. It is wielding a club.
The orc knight hits you with a long sword!!
The orc knight hits you with a great mace!!
* * * LOW HITPOINT WARNING * * *
The orc sorcerer hits you but does no damage.
The red devil hits you from afar with a demon trident of pain.
* * * LOW HITPOINT WARNING * * *
You writhe in agony.
* * * LOW HITPOINT WARNING * * *
The orc knight hits you with a long sword!
You die...

...#. ..... ####
...... ##..## ......
#....### ......#
##...##.##
.....oo####...(#...##
...o3o4oo#.....)[.#.##
..ooo{oo@....>.[(....#
o.oo############.....#
. #.∩...# #.).(##
#..##### #..###.##
#...#...# #...##.###
#....#.#.#


You could see 3 orc knights, a smoke demon, 2 orc sorcerers, a red devil, 2 orc
warriors, 2 orc priests, an orc wizard and 3 orcs.

Vanquished Creatures
  Kirke (Lair:5)
  A dire elephant (Lair:6)
  An ettin (Orc:2)
  Harold (D:10)
  3 hydras
  A catoblepas (Lair:6)
  2 orc high priests (Orc:2)
  A deep troll shaman (Lair:6)
  8 death yaks
  An orc sorcerer (Orc:2)
  An orb spider (Lair:3)
  4 elephants
  Maurice (Orc:2)
  7 black mambas
  9 spiny frogs
  7 komodo dragons
  A polar bear (Lair:6)
  3 trolls
  Prince Ribbit (D:6)
  2 tyrant leeches (Lair:4)
  A dream sheep (Lair:6)
  7 blink frogs (Lair:3)
  8 hippogriffs
  A spriggan (D:8)
  3 wyverns
  3 hogs
  2 basilisks
  A vampire (D:10)
  49 yaks
  2 hungry ghosts
  A swamp worm (Lair:4)
  14 water moccasins
  Duvessa (D:6)
  10 porcupines
  15 orc warriors
  13 ogres
  3 ice beasts (D:9)
  2 black bears
  5 phantoms
  2 sky beasts
  15 wolves
  6 centaurs
  8 crocodiles
  2 elf zombies (Ossuary)
  5 big kobolds
  2 gnoll sergeants (D:9)
  12 bullfrogs
  A wyvern zombie (D:7)
  Dowan (D:6)
  5 scorpions
  A wyvern skeleton (D:10)
  3 killer bees (D:8)
  7 wights (D:8)
  7 howler monkeys
  6 crimson imps
  3 bullfrog zombies
  Crazy Yiuf (D:3)
  7 hounds
  2 jellies
  A bullfrog skeleton (D:6)
  A centaur zombie (Ossuary)
  A gnoll shaman (D:7)
  A centaur skeleton (D:5)
  15 orc priests
  18 orc wizards
  8 iguanas
  A worker ant (D:7)
  A killer bee zombie (D:8)
  2 big kobold zombies (Ossuary)
  6 hound zombies
  2 hound skeletons
  Robin (D:2)
  3 mummies (Ossuary)
  12 gnolls
  A howler monkey skeleton (D:6)
  18 adders
  2 shadow imps
  An ooze (D:5)
  2 adder skeletons
  5 adder zombies
  3 worms
  7 dart slugs
  6 leopard geckos
  62 orcs
  10 giant cockroaches
  2 gnoll zombies (Ossuary)
  23 goblins
  7 hobgoblins
  20 jackals
  16 kobolds
  3 quokkas
  A ball python (D:2)
  8 bats
  6 frilled lizards
  4 goblin zombies (Ossuary)
  2 hobgoblin zombies (Ossuary)
  2 jackal skeletons
  4 jackal zombies (Ossuary)
  5 kobold zombies (Ossuary)
  A quokka skeleton (D:9)
  2 quokka zombies (Ossuary)
  4 rats
  2 rat zombies (Ossuary)
595 creatures vanquished.

Vanquished Creatures (others)
  A human (Lair:5)
  2 orcs
  A fungus (Lair:6)
4 creatures vanquished.

Grand Total: 599 creatures vanquished

Notes
Turn   | Place    | Note
-------+----------+-------------------------------------------
     0 | D:1      | JeffiDaFish the Gargoyle Fighter began the quest for the Orb.
     0 | D:1      | Reached XP level 1. HP: 14/14 MP: 1/1
   150 | D:1      | Reached XP level 2. HP: 19/19 MP: 2/2
   306 | D:1      | Reached XP level 3. HP: 13/23 MP: 3/3
  1109 | D:2      | Reached XP level 4. HP: 20/28 MP: 4/4
  1221 | D:2      | Reached skill level 4 in Shields
  1509 | D:2      | Noticed Robin
  1534 | D:2      | Killed Robin
  1534 | D:2      | Reached XP level 5. HP: 33/33 MP: 5/5
  1945 | D:3      | Reached skill level 1 in Dodging
  2260 | D:3      | Reached XP level 6. HP: 32/38 MP: 6/6
  2527 | D:3      | Found a runed door.
  2531 | D:3      | Noticed Crazy Yiuf
  2536 | D:3      | Killed Crazy Yiuf
  2735 | D:4      | Noticed a phantom
  2756 | D:4      | Killed a phantom
  2756 | D:4      | Reached skill level 5 in Shields
  2756 | D:4      | Reached XP level 7. HP: 37/43 MP: 7/7
  3577 | D:5      | Entered Level 5 of the Dungeon
  3591 | D:5      | Reached skill level 5 in Maces & Flails
  3735 | D:5      | Reached skill level 5 in Armour
  3926 | D:5      | Reached XP level 8. HP: 32/48 MP: 8/8
  4505 | D:6      | Reached skill level 6 in Shields
  4577 | D:6      | Noticed Prince Ribbit
  4606 | D:6      | Killed Prince Ribbit
  4809 | D:6      | Found a sand-covered staircase.
  4813 | D:6      | Noticed Duvessa
  4895 | Ossuary  | Entered an ossuary
  5005 | Ossuary  | Reached skill level 5 in Fighting
  5147 | Ossuary  | Gained mutation: You are clumsy. (Dex -2) [potion of mutation]
  5147 | Ossuary  | Gained mutation: You occasionally shout uncontrollably at your foes. [potion of mutation]
  5147 | Ossuary  | Gained mutation: Your muscles are strong. (Str +2) [potion of mutation]
  5198 | D:6      | Reached XP level 9. HP: 50/54 MP: 9/9
  5229 | D:6      | Killed Duvessa
  5229 | D:6      | Reached skill level 7 in Shields
  5340 | D:6      | Noticed Dowan
  5372 | D:6      | Paralysed by fainting for 10 turns
  5400 | D:6      | Killed Dowan
  6038 | D:6      | Found a staircase to the Ecumenical Temple.
  6166 | Temple   | Entered the Ecumenical Temple
  6178 | Temple   | Became a worshipper of Warmaster Okawaru
  6285 | D:7      | Found a sparkling altar of Nemelex Xobeh.
  6481 | D:7      | Reached * piety under Okawaru
  6575 | D:7      | Reached XP level 10. HP: 61/61 MP: 10/10
  6587 | D:7      | Reached skill level 8 in Shields
  6713 | D:7      | Reached ** piety under Okawaru
  6777 | D:7      | Found Omoaf's General Store.
  6780 | D:7      | Bought a +0 pair of gloves for 58 gold pieces
  7065 | D:8      | Identified a scroll of acquirement
  7066 | D:8      | Got a warped demon whip
  7073 | D:8      | Identified the +2 demon whip of the Fool {vamp, rC+} (You acquired it on level 8 of the Dungeon)
  7215 | D:8      | Reached skill level 10 in Maces & Flails
  7400 | D:8      | Reached *** piety under Okawaru
  7759 | D:8      | Reached skill level 9 in Shields
  7899 | D:9      | Found Syiryloang's Book Shoppe.
  7936 | D:9      | Reached **** piety under Okawaru
  7940 | D:9      | Reached XP level 11. HP: 68/68 MP: 11/11
  8179 | D:9      | Found a staircase to the Orcish Mines.
  8509 | D:9      | Reached ***** piety under Okawaru
  8602 | D:10     | Entered Level 10 of the Dungeon
  8716 | D:10     | Found a staircase to the Lair.
  8845 | D:10     | Noticed Harold
  8869 | D:10     | Killed Harold
  8869 | D:10     | Reached skill level 10 in Shields
  9210 | D:10     | Received a gift from Okawaru
  9518 | Lair:1   | Entered Level 1 of the Lair of Beasts
  9622 | Lair:1   | Reached XP level 12. HP: 75/75 MP: 12/12
  9740 | Lair:1   | Reached skill level 11 in Shields
 11677 | Lair:3   | Reached ****** piety under Okawaru
 11677 | Lair:3   | Reached skill level 10 in Fighting
 11775 | Lair:3   | Received a gift from Okawaru
 11870 | Lair:3   | Reached skill level 12 in Shields
 12127 | Lair:3   | Found a hole to the Spider Nest.
 12147 | Lair:3   | Reached XP level 13. HP: 81/83 MP: 13/13
 12824 | Lair:4   | Found a staircase to the Swamp.
 13541 | Lair:5   | Noticed Kirke
 13633 | Lair:5   | Killed Kirke
 13633 | Lair:5   | Reached skill level 1 in Stealth
 13633 | Lair:5   | Reached skill level 13 in Shields
 13933 | Lair:5   | Received a gift from Okawaru
 13966 | Lair:5   | Identified the +1 shield of the Doldrums {Int+4} (You found it on level 5 of the Lair of Beasts)
 14337 | Lair:5   | Received a gift from Okawaru
 14454 | Lair:6   | Entered Level 6 of the Lair of Beasts
 14534 | Lair:6   | Found a viscous altar of Jiyva.
 14658 | Lair:6   | Reached skill level 14 in Shields
 14852 | Lair:6   | Gained mutation: Your large and strong wings let you fly indefinitely. [Gargoyle growth]
 14852 | Lair:6   | Reached XP level 14. HP: 91/91 MP: 14/14
 14986 | Lair:6   | Found a staircase to the Slime Pits.
 15004 | Lair:6   | Lost mutation: You are clumsy. (Dex -2) [potion of beneficial mutation]
 15524 | Lair:6   | Noticed a dire elephant
 15545 | Lair:6   | Killed a dire elephant
 15745 | Orc:1    | Entered Level 1 of the Orcish Mines
 16024 | Orc:2    | Entered Level 2 of the Orcish Mines
 16094 | Orc:2    | Reached skill level 10 in Armour
 16268 | Orc:2    | Reached skill level 5 in Dodging
 16326 | Orc:2    | Found Vonejoil's Jewellery Shop.
 16333 | Orc:2    | Found a staircase to the Elven Halls.
 16333 | Orc:2    | Noticed Maurice
 16351 | Orc:2    | Killed Maurice
 16546 | Orc:1    | Found a roughly hewn altar of Beogh.
 16762 | Orc:2    | Received a gift from Okawaru
 16929 | Orc:2    | Paralysed by an orc sorcerer for 7 turns
 16930 | Orc:2    | HP: 4/92 [red devil/demon trident of pain[an orc sorcerer] (3)]
 16931 | Orc:2    | Mangled by an orc knight

Skill      XL: |  1  2  3  4  5  6  7  8  9 10 11 12 13 14 |
---------------+-------------------------------------------+-----
Armour         | 4 5 7 8 9 10 | 10.2
Shields        | 4 5 6 7 9 10 12 14 | 14.7
Maces & Flails | 3 4 5 7 9 10 12 13 | 13.9
Dodging        | 1 2 3 4 5 |  5.4
Fighting       | 4 5 6 7 8 10 11 12 | 12.4
Stealth        | 1 |  1.0

Action                   |  1- 3 |  4- 6 |  7- 9 | 10-12 | 13-15 || total
-------------------------+-------+-------+-------+-------+-------++-------
Melee: Flail             |   143 |   285 |   567 |    67 |       ||  1062
       Mace              |       |    70 |       |       |       ||    70
       Demon whip        |       |       |       |  1102 |  1055 ||  2157
 Abil: Evoke Berserk Rag |       |     1 |       |       |       ||     1
  Use: Scroll            |     5 |     3 |     5 |    10 |     5 ||    28
       Potion            |     3 |     2 |     4 |     2 |     2 ||    13
  Eat: Chunk             |     1 |     7 |    12 |    19 |    16 ||    55
       Royal jelly       |       |       |     1 |       |       ||     1
       Bread ration      |       |       |     1 |     2 |       ||     3
       Beef jerky        |       |       |     1 |       |       ||     1
Armor: Scale mail        |    78 |       |       |       |       ||    78
       Storm dragon scal |    22 |   423 |   373 |   488 |   394 ||  1700
Dodge: Dodged            |    42 |   147 |   155 |   256 |   225 ||   825
Block: Shield            |    87 |   278 |   311 |   567 |   624 ||  1867
       Reflection        |       |       |       |       |     5 ||     5
